 Dungeon Crawl Stone Soup version 0.31.0-12-g77e489cdc1 (webtiles) character file.

Game seed: 6572941535253339500

8 Silvore the Trooper (level 2, -6/24 HPs)
             Began as a Demonspawn Fighter on Feb 13, 2024.
             Was a Follower of Fedhas.
             Mangled by a gnoll
             ... wielding a +0 flail
              (7 damage)
             ... on level 2 of the Dungeon.
             The game lasted 00:01:04 (224 turns).

Silvore the Trooper (Demonspawn Fighter)             Turns: 224, Time: 00:01:04

Health: -6/24      AC:  9    Str: 16    XL:     2   Next: 0%
Magic:  2/2        EV:  6    Int:  8    God:    Fedhas [*.....]
Gold:   7          SH:  4    Dex: 12    Spells: 1/1 levels left

rFire   . . .        a - +0 long sword
rCold   . . .        c - +0 buckler
rNeg    . . .        e - +0 chain mail
rPois   .            (no helmet)
rElec   .            (no cloak)
rCorr   .            (no gloves)
SInv    .            (no boots)
Will    .....        (no amulet) Stlth
                     (no ring)
HPRegen 0.24/turn    (no ring)
MPRegen 0.08/turn

%: no passive effects
@: no status effects
A: weakness stinger 1
a: Renounce Religion


You were on level 2 of the Dungeon.
You worshipped Fedhas.
Fedhas was aware of your devotion.
You visited 1 branch of the dungeon, and saw 2 of its levels.

You collected 7 gold pieces.

Inventory:

Hand Weapons
 a - a +0 long sword (weapon)
Armour
 b - a +0 scale mail
 c - a +0 buckler (worn)
 e - a +0 chain mail (worn)
Potions
 d - a potion of might


   Skills:
 + Level 3.1 Fighting
 + Level 1.8 Long Blades
 + Level 2.8 Armour
 + Level 2.9 Shields


You had one spell level left.
You didn't know any spells.
Your spell library was empty.

Dungeon Overview and Level Annotations

Branches:
Dungeon (2/15)

Altars:
Fedhas


Innate Abilities, Weirdness & Mutations

You have a small tail.


Message History

The bat hits you but does no damage.
The giant cockroach attacks as it pursues you!
The giant cockroach bites you but does no damage.
You block the bat's attack. The bat hits you but does no damage.
The giant cockroach attacks as it pursues you!
The giant cockroach bites you but does no damage. x2
A gnoll comes into view. It is wielding a +0 flail.
The gnoll shouts!
The bat hits you but does no damage.
A gnoll comes into view. It is wielding a +0 spear.
A gnoll comes into view. It is wielding a +0 whip.
The bat hits you but does no damage. You block the bat's attack.
The giant cockroach bites you but does no damage.
The bat attacks as it pursues you! The bat hits you but does no damage. x2
The giant cockroach attacks as it pursues you!
The giant cockroach bites you but does no damage.
The gnoll barely misses you.
The giant cockroach attacks as it pursues you!
The giant cockroach barely misses you. x2; The gnoll barely misses you.
The gnoll hits you with a +0 flail. You block the giant cockroach's attack.
The giant cockroach bites you but does no damage.
The gnoll hits you with a +0 flail.
The giant cockroach bites you but does no damage.
You block the gnoll's attack. The gnoll hits you but does no damage.
The giant cockroach bites you but does no damage.
The gnoll hits you with a +0 spear. The gnoll hits you with a +0 flail.
* * * LOW HITPOINT WARNING * * *
The giant cockroach barely misses you. The gnoll hits you with a +0 spear.
* * * LOW HITPOINT WARNING * * *
The giant cockroach barely misses you. The gnoll hits you with a +0 flail.
* * * LOW HITPOINT WARNING * * *
The giant cockroach bites you but does no damage.
The gnoll hits you but does no damage. The gnoll barely misses you.
The giant cockroach bites you but does no damage.
The gnoll hits you but does no damage. The gnoll hits you with a +0 flail!
You die...
Fedhas appreciates your contribution to the ecosystem.

.. .# ..# .# #.. ..## #
# .# ####.# #..#.##. .#
....###.# ... .. .
#......##.##.##
##########......#......#
....<.........[#ggg....#
.#########....bB@#
...............#.#
.########.#######.. ##
#.# #..# # #.# #.# # #.#
.# # ... # # ... . ...


You could see 3 gnolls, a giant cockroach and a bat.

Vanquished Creatures
  3 ball pythons (D:1)
  A giant cockroach (D:1)
  A goblin (D:1)
  A hobgoblin (D:1)
  A bat (D:1)
7 creatures vanquished.

Notes
Turn   | Place    | Note
-------+----------+-------------------------------------------
     0 | D:1      | Silvore the Demonspawn Fighter began the quest for the Orb.
     0 | D:1      | Reached XP level 1. HP: 18/18 MP: 1/1
   146 | D:1      | Gained mutation: You have a small tail. [demonic ancestry]
   146 | D:1      | Reached XP level 2. HP: 24/24 MP: 2/2
   146 | D:1      | Found a faded altar of an unknown god.
   154 | D:1      | Prayed at the altar of an unknown god.
   154 | D:1      | Became a worshipper of Fedhas Madash
   154 | D:1      | Reached * piety under Fedhas
   222 | D:2      | HP: 1/24 [gnoll/+0 flail (3)]
   224 | D:2      | Mangled by a gnoll

Illustrated notes

Levels and vault maps discovered:
D:1:      noname_arrival_rooms_in_the_neighbourhood, layout_loops_corners,
          ebering_ecumenical_altar_box
D:2:      layout_loops_ring, basic_altar

Action                     || total
---------------------------++-------
  Melee: Long sword        ||    26
 Armour: Chain mail        ||    59
         Scale mail        ||    13
  Dodge: Dodged            ||    21
  Block: Buckler           ||    15
